 Dungeon Crawl Stone Soup version 0.32-a0-22-g6ae6769602 (webtiles) character file.

Game seed: 14786013191828198999

33240 jasper the Bludgeoner (level 13, 0/169 (171) HPs)
             Began as an Armataur Berserker on Jan 18, 2024.
             Was a High Priest of Trog.
             Slain by a spectral centaur warrior (4 damage)
             ... in a Gauntlet.
             The game lasted 00:23:58 (13580 turns).

jasper the Bludgeoner (Armataur Berserker)         Turns: 13580, Time: 00:23:59

HP:   0/169 (171)   AC: 13    Str: 23    XL:     13   Next: 35%
MP:   13/13         EV: 12    Int:  9    God:    Trog [*****.]
Gold: 1281          SH:  7    Dex: 23    Spells: 12/12 levels left

rFire   + + +        F - +4 morningstar of Ynlyufe {flame, rElec rPois rF++ rCorr}
rCold   . . .        G - +0 buckler
rNeg    + . .        b - +1 animal skin
rPois   +            (no helmet)
rElec   +            D - +0 cloak
rCorr   +            (no gloves)
SInv    .            k - +3 barding of the Sun {rF+++ rN+ Dex+4 Stlth-}
Will    ++...        (no amulet) Stlth
                     c - ring of protection from fire
HPRegen 1.48/turn    r - +6 ring of dexterity
MPRegen 0.13/turn

%: no teleportation, roll
@: berserking, lethally poisoned (0 -> -38), strong-willed, regenerating,
slowed, lightly drained
A: large, deformed body, tough skin 3, armoured tail, roll 2
a: Renounce Religion, Berserk, Trog's Hand, Brothers in Arms


You were in a Gauntlet.
You worshipped Trog.
Trog was extremely pleased with you.
You visited 2 branches of the dungeon, and saw 14 of its levels.
You also visited: Bailey, Gauntlet and Volcano.

You collected 1281 gold pieces.

Inventory:

Hand Weapons
 a - a +0 mace
 v - a +0 flail
 x - a +2 whip of electrocution
 y - a +2 morningstar of protection
 F - the +4 morningstar of Ynlyufe (weapon) {flame, rElec rPois rF++ rCorr}
   (Trog gifted it to you on level 1 of the Lair of Beasts)

   rF++:      It greatly protects you from fire.
   rElec:     It insulates you from electricity.
   rPois:     It protects you from poison rCorr: It protects you from acid and
   corrosion.
Missiles
 d - 13 boomerangs (quivered)
 l - 111 stones
 Q - a throwing net
Armour
 b - a +1 animal skin (worn)
 g - a +0 chain mail
 k - the +3 barding of the Sun (worn) {rF+++ rN+ Dex+4 Stlth-}
   (You acquired it on level 5 of the Dungeon)

   Dex+4:     It affects your dexterity (+4).
   rF+++:     It renders you almost immune to fire.
   rN+:       It protects you from negative energy.
   Stlth-:    It makes you less stealthy.
 D - a +0 cloak (worn)
 G - a +0 buckler (worn)
 K - the +2 hat of Wiblie Kech {Harm rF+ Str+4}
   (You found it in a bailey)

   Str+4:     It affects your strength (+4).
   rF+:       It protects you from fire.
   Harm:      It increases damage dealt and taken.
Jewellery
 c - a ring of protection from fire (left hand)
 f - a ring of protection from fire
 n - a ring of resist corrosion
 r - a +6 ring of dexterity (right hand)
 B - a +6 ring of strength
 E - a ring of see invisible
 S - the ring "Miusolli" {rPois rN+ Str+2}
   (You found it in a Gauntlet)

   [ring of poison resistance]

   Str+2:     It affects your strength (+2).
   rPois:     It protects you from poison rN+: It protects you from negative
   energy.
Wands
 t - a wand of polymorph (8)
 C - a wand of flame (19)
 O - a wand of charming (6)
Scrolls
 i - 5 scrolls of teleportation
 m - 3 scrolls of enchant armour
 o - 3 scrolls of fear
 w - a scroll of torment
 A - 2 scrolls of poison
 I - a scroll of amnesia
 J - 4 scrolls of blinking
 R - a scroll of identify
Potions
 e - 5 potions of curing
 h - 7 potions of heal wounds
 j - 3 potions of brilliance
 p - 3 potions of might
 q - 2 potions of lignification
 s - 2 potions of haste
 u - a potion of enlightenment
 z - a potion of ambrosia
 H - 3 potions of invisibility
 L - a potion of magic
 N - a potion of resistance
 P - a potion of cancellation
Miscellaneous
 M - a condenser vane


   Skills:
 * Level 10.5 Fighting
 - Level 16.0 Maces & Flails
 - Level 2.4 Armour
 + Level 6.9 Dodging
 + Level 7.0 Shields


You had 12 spell levels left.
You didn't know any spells.
Your spell library was empty.

Dungeon Overview and Level Annotations

Branches:
Dungeon (11/15)            Temple (0/1) D:5            Lair (3/5) D:10
  Swamp (0/4) Lair:2        Snake (0/4) Lair:2          Orc (0/2) D:9
 Bailey (visited)         Volcano (visited)         Gauntlet (1/1)

Altars:
Cheibriados
Dithmenos
Elyvilon
Kikubaaqudgha
Makhleb
Ru
Trog
Yredelemnul
Zin
The Shining One

Annotations:
D:9 exclusion: obsidian statue
D:10 exclusion: oklob sapling Gauntlet 21 runed translucent doors, 13 transporters, exclusion: orange crystal statue


Innate Abilities, Weirdness & Mutations

Armour fits poorly on your strangely shaped body.
You have extremely tough skin. (AC +3)
You have a long armoured tail.
You regenerate magic and health when rolling toward enemies. (Rampage Regen)


Message History

The spectral centaur warrior kicks you but does no damage.
You take 6 damage, and have 46/169 hp.
You miss the death drake.
The death drake is severely wounded.
You are engulfed in dark miasma.
You feel very sick.
The death drake bites you but does no damage.
The spectral centaur warrior hits you.
* * * LOW HITPOINT WARNING * * *
The spectral centaur warrior kicks you but does no damage.
You take 6 damage, and have 40/169 hp.
You hit the death drake but do no damage.
The death drake is severely wounded.
You feel sick.
The spectral centaur warrior barely misses you.
You block the spectral centaur warrior's attack.
The death drake bites you.
* * * LOW HITPOINT WARNING * * *
The spectral centaur warrior hits you but does no damage.
The spectral centaur warrior kicks you but does no damage.
You take 3 damage, and have 37/169 hp.
You puncture the death drake! You burn the death drake.
The death drake is almost dead.
You feel sick. The death drake breathes miasma at you.
The foul vapour engulfs you!
You are more poisoned.
* * * LOW HITPOINT WARNING * * *
You block the spectral centaur warrior's attack.
The spectral centaur warrior kicks you but does no damage.
You take 17 damage, and have 20/169 hp.
You sock the death drake! You burn the death drake.
You kill the death drake!
Trog accepts your kill.
You are engulfed in dark miasma.
You are more poisoned.
* * * LOW HITPOINT WARNING * * *
x2 You feel extremely sick.
The spectral centaur warrior hits you.
You die...

#######...###########.#........#8
........≈.§.........#.#........##
###....≈8≈....#######.#######....
.©#.....≈.....#©...........©#....
#######...#######################
......#...#..#......#≈#.........#
P.P.P.#...#...#○○○..#≈#..##.##..#
PPP#P.#...#...#○Z○.##≈#.##...##.#
P..PP.#...#....#@##.#≈#.#.....#.#
.©....#...#...###○..#8#....©....#
..PPP.#...#.##.#.○○.#§#.#.....#.#
PPP#P.#...##....#...#§#.##...##.#
.8.PP.#...#.....#...#≈#..##.##..#
!©([..#...#?.."©$#..#≈#...|©$[..#
#######...#######################
.©#.....≈.....#©...........©#....
###....§8≈....#######.#######....


You could see a spectral centaur warrior.

Vanquished Creatures
  3 two-headed ogres
  A boulder beetle (D:11)
  A death yak (D:10)
  A skyshark (Lair:2)
  A death drake (Gauntlet)
  Lodul (D:10)
  Pikel (D:7)
  2 deep elf archers (Volcano)
  4 deep elf pyromancers (Volcano)
  A cyclops (D:11)
  6 cane toads
  A kobold demonologist (D:11)
  An unseen horror (D:10)
  2 gargoyles
  3 rime drakes
  2 ice devils (Lair:1)
  6 komodo dragons
  2 hornets
  5 blink frogs (Lair:1)
  A shadow (D:11)
  A wraith (D:9)
  2 vampires
  4 basilisks
  33 yaks
  Grum (D:8)
  3 wyverns
  7 humans (D:10)
  2 steam dragons (D:9)
  5 fire elementals (Volcano)
  2 swamp worms (Gauntlet)
  5 vampire mosquitoes (Lair:2)
  A naga (Lair:2)
  7 water moccasins
  An acid dragon (D:10)
  A hell hound (Volcano)
  An ice beast (D:7)
  A spectral hornet (Gauntlet)
  4 black bears
  6 sky beasts
  18 wolves
  5 ogres (D:10)
  5 centaurs
  2 phantoms (D:5)
  6 bullfrogs
  2 scorpions (D:5)
  13 wights
  14 killer bees
  8 vampire bats (Bailey)
  6 howler monkeys
  5 wolf zombies (Bailey)
  3 bombardier beetles
  2 orc priests
  11 hounds
  Crazy Yiuf (D:7)
  A gnoll bouda (D:7)
  2 sleepcaps (D:6)
  3 iguanas
  10 orc wizards
  9 gnolls
  10 adders
  2 river rats (D:10)
  A shadow imp (D:4)
  2 white imps (D:6)
  2 ufetubi (D:5)
  3 dart slugs
  A ribbon worm (D:3)
  35 orcs
  4 endoplasms
  4 giant cockroaches
  10 goblins
  5 hobgoblins
  8 jackals
  4 kobolds
  4 quokkas (D:1)
  14 ball pythons
  4 frilled lizards
  A goblin skeleton (D:6)
  2 hobgoblin zombies (D:6)
  A kobold skeleton (D:6)
  2 kobold zombies (D:6)
  2 orc skeletons (D:6)
  20 orc zombies (Bailey)
  5 rats
404 creatures vanquished.

Vanquished Creatures (collateral kills)
  2 death yaks (D:10)
  4 ogres (D:10)
  A killer bee (D:10)
7 creatures vanquished.

Grand Total: 411 creatures vanquished

Notes
Turn   | Place    | Note
-------+----------+-------------------------------------------
     0 | D:1      | jasper the Armataur Berserker began the quest for the Orb.
     0 | D:1      | Reached XP level 1. HP: 18/18 MP: 1/1
    82 | D:1      | Reached skill level 3 in Maces & Flails
   135 | D:1      | Reached XP level 2. HP: 20/25 MP: 2/2
   475 | D:1      | Reached XP level 3. HP: 30/30 MP: 3/3
   827 | D:2      | Reached skill level 4 in Maces & Flails
   913 | D:2      | Reached ** piety under Trog
  1013 | D:2      | You fall into a shaft and drop 1 floor!
  1036 | D:3      | Reached XP level 4. HP: 25/37 MP: 4/4
  1142 | D:3      | Reached skill level 5 in Maces & Flails
  1532 | D:3      | Found a snail-covered altar of Cheibriados.
  1633 | D:3      | Reached XP level 5. HP: 41/42 MP: 5/5
  1856 | D:4      | HP: 2/63 [iguana (6)]
  2062 | D:4      | Noticed a black bear
  2071 | D:4      | Killed a black bear
  2072 | D:4      | Reached skill level 6 in Maces & Flails
  2072 | D:4      | Reached XP level 6. HP: 50/50 MP: 6/6
  2139 | D:4      | Noticed a wyvern
  2147 | D:4      | Killed a wyvern
  2148 | D:4      | Reached skill level 7 in Maces & Flails
  2511 | D:5      | Entered Level 5 of the Dungeon
  2663 | D:5      | Found a white marble altar of Elyvilon.
  2678 | D:5      | Gained mutation: You regenerate magic and health when
                  | rolling toward enemies. (Rampage Regen) [Armataur growth]
  2678 | D:5      | Reached XP level 7. HP: 56/56 MP: 7/7
  2995 | D:5      | Found a staircase to the Ecumenical Temple.
  3031 | D:5      | Found a shadowy altar of Dithmenos.
  3091 | D:5      | Reached *** piety under Trog
  3092 | D:5      | Reached skill level 8 in Maces & Flails
  3220 | D:5      | Found an ancient bone altar of Kikubaaqudgha.
  3220 | D:5      | Found a burning altar of Makhleb.
  3228 | D:5      | Found a faded altar of an unknown god.
  3232 | D:5      | Identified a scroll of acquirement
  3232 | D:5      | Acquired the +3 barding of the Sun {rF+++ rN+ Dex+4 Stlth-}
  3480 | D:5      | Found a faded altar of an unknown god.
  3482 | D:5      | Found a bloodstained altar of Trog.
  3668 | D:6      | Reached skill level 9 in Maces & Flails
  3668 | D:6      | Reached XP level 8. HP: 47/62 MP: 8/8
  3979 | D:6      | Reached skill level 10 in Maces & Flails
  4007 | D:6      | Found a glowing golden altar of the Shining One.
  4160 | D:6      | Found a basalt altar of Yredelemnul.
  4507 | D:7      | Identified the +7 mace of the Scroll {drain, *Rage rN++
                  | Dex+5}
  4673 | D:7      | Reached **** piety under Trog
  4725 | D:7      | Found a glowing silver altar of Zin.
  4736 | D:7      | Reached XP level 9. HP: 70/70 MP: 9/9
  5000 | D:7      | Reached skill level 11 in Maces & Flails
  5010 | D:7      | Noticed Pikel
  5020 | D:7      | Killed Pikel
  5552 | D:7      | Found a runed translucent door.
  5552 | D:7      | Noticed Crazy Yiuf
  5762 | D:7      | Killed Crazy Yiuf
  5768 | D:7      | Identified the +5 hammer "Vusekuc" {venom, Will- rCorr
                  | Str+3 SInv}
  5904 | D:8      | Reached skill level 5 in Fighting
  5990 | D:8      | Reached XP level 10. HP: 77/81 MP: 10/10
  6042 | D:8      | Noticed Grum
  6052 | D:8      | Noticed a gargoyle
  6061 | D:8      | Killed Grum
  6062 | D:8      | Reached skill level 12 in Maces & Flails
  6062 | D:8      | Reached skill level 1 in Shields
  6066 | D:8      | Killed a gargoyle
  6374 | D:8      | Found a sacrificial altar of Ru.
  6642 | D:9      | Found a staircase to the Orcish Mines.
  6720 | D:9      | Noticed a two-headed ogre
  6730 | D:9      | Killed a two-headed ogre
  6765 | D:9      | Found a flagged portal.
  6801 | Bailey   | Entered a bailey
  6867 | Bailey   | Noticed a gargoyle
  6872 | Bailey   | Killed a gargoyle
  6912 | Bailey   | Identified the +2 hat of Wiblie Kech {Harm rF+ Str+4}
  7053 | Bailey   | Reached skill level 13 in Maces & Flails
  7093 | Bailey   | Reached ***** piety under Trog
  7307 | D:9      | Reached XP level 11. HP: 91/91 MP: 11/11
  7377 | D:9      | Identified the +1 shortbow of Cuxky {antimagic, rElec rN+
                  | Str+3 Dex-2}
  7714 | D:9      | Noticed an obsidian statue
  7715 | D:9      | Noticed a sun demon
  8196 | D:10     | Entered Level 10 of the Dungeon
  8947 | D:10     | Noticed a death yak
  8948 | D:10     | Found a staircase to the Lair.
  8948 | D:10     | Noticed a death yak
  8950 | D:10     | Reached skill level 14 in Maces & Flails
  9002 | D:10     | Killed a death yak
  9003 | D:10     | Reached skill level 5 in Dodging
  9369 | D:10     | Noticed Lodul
  9384 | D:10     | Killed Lodul
  9386 | D:10     | Noticed a death yak
  9409 | D:10     | Killed a death yak
  9413 | D:10     | Killed a death yak
  9418 | D:10     | Reached XP level 12. HP: 70/102 MP: 12/12
 10150 | D:11     | Noticed a two-headed ogre
 10160 | D:11     | Killed a two-headed ogre
 10267 | D:11     | Reached skill level 15 in Maces & Flails
 10285 | D:11     | Noticed a two-headed ogre
 10295 | D:11     | Killed a two-headed ogre
 10410 | D:11     | Noticed a boulder beetle
 10422 | D:11     | Killed a boulder beetle
 10790 | Lair:1   | Entered Level 1 of the Lair of Beasts
 10795 | Lair:1   | Identified the +4 morningstar of Ynlyufe {flame, rElec
                  | rPois rF++ rCorr} (Trog gifted it to you on level 1 of the
                  | Lair of Beasts)
 10795 | Lair:1   | Received a gift from Trog
 10862 | Lair:1   | Found a frozen archway.
 10895 | Lair:1   | Found a dark tunnel.
 10904 | Volcano  | Entered a volcano
 10982 | Volcano  | Reached skill level 16 in Maces & Flails
 10984 | Volcano  | Reached skill level 5 in Shields
 11610 | Lair:1   | Reached XP level 13. HP: 92/111 MP: 13/13
 12206 | Lair:2   | Reached skill level 10 in Fighting
 12330 | Lair:2   | Found a staircase to the Swamp.
 12714 | Lair:2   | Found a staircase to the Snake Pit.
 12894 | Lair:2   | Received a gift from Trog
 13112 | Lair:3   | Found a gate leading to a gauntlet.
 13119 | Gauntlet | Entered a Gauntlet
 13119 | Gauntlet | Found a large runed translucent door.
 13119 | Gauntlet | Found a large runed translucent door.
 13119 | Gauntlet | Found a large runed translucent door.
 13119 | Gauntlet | Found a large runed translucent door.
 13119 | Gauntlet | Found a large runed translucent door.
 13119 | Gauntlet | Found a large runed translucent door.
 13119 | Gauntlet | Found a runed translucent door.
 13119 | Gauntlet | Found a transporter.
 13119 | Gauntlet | Found a transporter.
 13119 | Gauntlet | Found a runed translucent door.
 13119 | Gauntlet | Found a large runed translucent door.
 13119 | Gauntlet | Found a large runed translucent door.
 13119 | Gauntlet | Found a large runed translucent door.
 13119 | Gauntlet | Found a large runed translucent door.
 13119 | Gauntlet | Found a large runed translucent door.
 13119 | Gauntlet | Found a large runed translucent door.
 13123 | Gauntlet | Found a transporter.
 13123 | Gauntlet | Found a transporter.
 13137 | Gauntlet | Found a transporter.
 13149 | Gauntlet | Found a transporter.
 13157 | Gauntlet | Found a transporter.
 13157 | Gauntlet | Found a transporter.
 13161 | Gauntlet | Found a transporter.
 13188 | Gauntlet | Found a transporter.
 13197 | Gauntlet | Found a transporter.
 13212 | Gauntlet | Found a large runed translucent door.
 13213 | Gauntlet | Found a large runed translucent door.
 13215 | Gauntlet | Found a runed translucent gate.
 13216 | Gauntlet | Found a runed translucent gate.
 13217 | Gauntlet | Found a transporter.
 13217 | Gauntlet | Found a runed translucent gate.
 13235 | Gauntlet | Found a large runed translucent door.
 13236 | Gauntlet | Found a large runed translucent door.
 13263 | Gauntlet | Found a transporter.
 13278 | Gauntlet | Found a transporter.
 13381 | Gauntlet | Found a transporter.
 13395 | Gauntlet | Found a transporter.
 13550 | Gauntlet | Identified the ring "Miusolli" {rPois rN+ Str+2}
 13580 | Gauntlet | HP: 4/169 [poison (dark miasma)]
 13580 | Gauntlet | Slain by a spectral centaur warrior

Illustrated notes

Levels and vault maps discovered:
D:1:      lightli_arrival_flooded_house, layout_loops_ring
D:2:      layout_rooms, kennysheep_crisscross, minmay_randomly_rotated_circles
D:3:      layout_basic, cheibrodos_worm_habitat
D:4:      layout_cave_pools
D:5:      layout_loops_corners, mainiacjoe_overflow_surrounded_room,
          nicolae_elyvilon_peaceful_grove, chequers_temple_overflow_minitemple,
          minmay_temple_entry_grid
D:6:      layout_loops_ring, nicolae_tso_besieged_by_evil,
          mainiacjoe_overflow_alcove_2
D:7:      layout_layer_cave, lemuel_doored_altar, uniq_pikel,
          uniq_crazy_yiuf_cottage
D:8:      layout_rooms, mainiacjoe_overflow_chevrons, uniq_grum
D:9:      minmay_statue_hallways, layout_basic, orc_0_dummy, enter_bailey_7,
          hangedman_misty_isle
D:10:     erik_cavepeople, layout_gridville, dpeg_lair_monsters, st_stairs_8,
          introduction_to_nature_2, uniq_lodul
D:11:     layout_gridville
Lair:1:   layout_chaotic_city, nicolae_volcano_entry_two_sided,
          portal_ice_cave_demonic_guard, fungi_pond_lemuel, grunt_megastairs_3
Lair:2:   layout_misc_corridors, minmay_swamp_entry_swarm,
          guppyfry_snake_entry_garden, infiniplex_staircase_pool_2
Lair:3:   layout_cave_pods, gauntlet_entry_generic
Gauntlet: gammafunk_gauntlet_branching
          [minmay_gauntlet_arena_make_your_own_arena,
          gammafunk_gauntlet_arena_chambers, gammafunk_gauntlet_arena_mazey,
          gammafunk_gauntlet_arena_hedges, nicolae_gauntlet_swirl,
          gammafunk_gauntlet_arena_split_diamond,
          gammafunk_gauntlet_arena_corners, nicolae_gauntlet_arena_grate_2,
          gauntlet_exit_watery]

Skill      XL: |  1  2  3  4  5  6  7  8  9 10 11 12 13 |
---------------+----------------------------------------+-----
Maces & Flails | 3 4 5 6 7 9 10 11 13 14 16 | 16.0
Fighting       | 3 5 6 8 9 10 | 10.5
Dodging        | 2 4 5 6 |  6.9
Shields        | 4 6 7 |  7.0
Armour         | |  2.4

Action                     |  1- 3 |  4- 6 |  7- 9 | 10-12 | 13-15 || total
---------------------------+-------+-------+-------+-------+-------++-------
  Melee: Mace              |    94 |    51 |       |       |       ||   145
         Tailslap          |     6 |    12 |    33 |   119 |    30 ||   200
         Punch             |     1 |       |     7 |       |       ||     8
         Flail             |       |    50 |       |       |       ||    50
         Morningstar       |       |    11 |   267 |   732 |   145 ||  1155
  Throw: Boomerang         |    13 |     9 |    16 |    12 |       ||    50
 Invoke: Berserk           |     1 |     5 |     4 |     9 |     2 ||    21
         Trog's Hand       |       |     1 |     1 |     3 |     1 ||     6
         Brothers in Arms  |       |       |       |     1 |       ||     1
  Evoke: Wand              |       |       |       |     4 |       ||     4
    Use: Scroll            |     3 |       |    11 |    13 |     1 ||    28
   Stab: Sleeping          |     1 |       |       |       |       ||     1
 Armour: Animal skin       |    54 |    99 |   240 |   579 |   124 ||  1096
  Dodge: Dodged            |    44 |    39 |   114 |   337 |    74 ||   608
  Block: Buckler           |       |       |       |   212 |    51 ||   263

Table legend: (Time is in decaauts)
 A = Elapsed time spent in this place.
 B = Non-inter-level travel time spent in this place.
 C = Inter-level travel time spent in this place.
 D = Time resting spent in this place.
 E = Time spent auto-exploring this place.
 F = Levels seen in this place.
 G = Mean time per level.
                   A        B        C        D        E       F      G
               +--------+--------+--------+--------+--------+-----+--------+
         Total |  13653 |  13413 |    240 |   1063 |   9428 |  17 |  803.1 |
       Dungeon |  10459 |  10254 |    205 |    865 |   7242 |  11 |  950.8 |
          Lair |   2036 |   2001 |     35 |    181 |   1460 |   3 |  678.7 |
        Bailey |    468 |    468 |      0 |      0 |    309 |   1 |  468.0 |
       Volcano |    231 |    231 |      0 |     16 |     74 |   1 |  231.0 |
      Gauntlet |    458 |    458 |      0 |      0 |    343 |   1 |  458.0 |
               +--------+--------+--------+--------+--------+-----+--------+

Top non-repeatable levels by time:
    D:10: 1544 daAuts
     D:7: 1349 daAuts
  Lair:2: 1119 daAuts
     D:9: 1090 daAuts
     D:5: 1072 daAuts
    D:11: 1034 daAuts
  Lair:1: 910 daAuts
     D:6: 908 daAuts
     D:8: 850 daAuts
     D:4: 841 daAuts
     D:1: 836 daAuts
     D:3: 731 daAuts
  Bailey: 468 daAuts
Gauntlet: 458 daAuts
 Volcano: 231 daAuts
